 Dungeon Sprint DCSS version 0.28-a0-407-g69098e2f6d (webtiles) character file.

Game seed: 12985006425445603009

443 Zeld the Fiendish (level 6, -18/66 HPs)
             Began as a Deep Dwarf Monk on Sept 5, 2021.
             Was a Priest of Makhleb.
             Killed from afar by a deep elf zephyrmancer (26 damage)
             ... with a bolt of lightning
             ... in the Dungeon (Sprint V: "Ziggurat Sprint").
             The game lasted 00:01:45 (351 turns).

Zeld the Fiendish (Deep Dwarf Monk)                  Turns: 351, Time: 00:01:46

Health: -18/66     AC: 22    Str: 29    XL:     6   Next: 71%
Magic:  12/12      EV:  3    Int: 10    God:    Makhleb [***...]
Gold:   0          SH: 17    Dex: 15    Spells: 5/5 levels left

rFire   . . .      SeeInvis +   t - +14 obsidian axe {vorpal, Mesm Drain Fly SInv}
rCold   . . .      Faith    .   r - +3 tower shield
rNeg    . . .      Spirit   .   s - +5 crystal plate armour
rPois   .          Reflect  .   (no helmet)
rElec   .          Harm     .   (no cloak)
rCorr   .          Rampage  .   (no gloves)
Will    .....      NoTele   +   (no boots)
Stlth   ..........              (no amulet)
HPRegen 0.00/turn               A - +6 ring of strength
MPRegen 0.13/turn               z - +6 ring of strength

@: flying, mesmerised
A: damage resistance, heal wounds, sense surroundings 1, no regeneration
a: Heal Wounds, Renounce Religion, Minor Destruction, Lesser Servant of Makhleb


You were in the Dungeon.
You worshipped Makhleb.
Makhleb was most pleased with you.
You visited 1 branch

Inventory:

Hand Weapons
 t - the +14 obsidian axe (weapon) {vorpal, Mesm Drain Fly SInv}
   (You found it in the Dungeon)

   It inflicts extra damage upon your enemies.
   It occasionally summons demons to assist the wielder when it strikes in
   combat.
   Its wielder is mesmerised by any visible foes.
   It cannot be unequipped while any foes are visible.
   SInv:      It lets you see invisible.
   Fly:       It grants you flight.
   Drain:     It drains your maximum health when unequipped.
Armour
 r - a +3 tower shield (worn)
 s - a +5 crystal plate armour (worn)
Jewellery
 z - a +6 ring of strength (right hand)
 A - a +6 ring of strength (left hand)
Wands
 C - a wand of mindburst (7)
 D - a wand of iceblast (7)
 E - a wand of acid (7)
Scrolls
 g - 3 scrolls of blinking
 k - a scroll of brand weapon
 m - 4 scrolls of amnesia
 n - 7 scrolls of fog
 o - a scroll of holy word
 p - 5 scrolls of identify
 q - 2 scrolls of fear
Potions
 b - 10 potions of curing
 c - 10 potions of heal wounds
 d - 6 potions of haste
 e - 7 potions of magic
 f - 2 potions of berserk rage
 h - 2 potions of brilliance
 i - 2 potions of invisibility
 j - 4 potions of resistance
 l - 5 potions of might
Miscellaneous
 a - a condenser vane
 u - a box of beasts
 B - a lightning rod (4/4)


   Skills:
 * Level 7.0 Fighting
 * Level 7.5 Axes
 + Level 5.2 Armour
 + Level 6.3 Dodging
 - Level 2.4 Stealth
 + Level 5.1 Shields
 - Level 2.6 Unarmed Combat
 * Level 9.0 Invocations


You had 5 spell levels left.
You didn't know any spells.
Your spell library was empty.

Dungeon Overview and Level Annotations

Branches:
Dungeon (1/1)

Altars:
Ashenzari
Cheibriados
Dithmenos
Elyvilon
Fedhas
Gozag
Hepliaklqana
Kikubaaqudgha
Makhleb
Nemelex Xobeh
Okawaru
Qazlal
Ru
Sif Muna
Trog
Uskayaw
Vehumet
Wu Jian
Xom
Yredelemnul
Zin
The Shining One
Beogh
Jiyva
Lugonu

Annotations:
D 1 transporter


Innate Abilities, Weirdness & Mutations

You are resistant to damage.
You can heal yourself by infusing magical energy.
You passively map a small area around you.
You do not regenerate.


Message History

You recover from your berserk rage.
You start resting.
Magic restored.
You start waiting.
Done waiting.
You see here a box of beasts.
You start waiting.
You see here a box of beasts.
k - a scroll of brand weapon You see here a staff of fire.
You see here a box of beasts.
u - a box of beasts
Okay, then.
There is a transporter here.
Okay, then.
Okay, then.
Welcome to arena 3.
You enter the transporter and appear at another place. 2 dancing weapons and 2 deep elf zephyrmancers come into view.
There is a +0 glaive of venom.
There is a +2 vorpal hand axe.
Visions of slaying the +2 vorpal hand axe flood into your mind.
The deep elf zephyrmancer shouts!
Found four items.
Found a transporter.
The +2 vorpal hand axe hits you!
The deep elf zephyrmancer casts a spell at you.
The bolt of lightning misses the +2 vorpal hand axe.
The bolt of lightning hits you!!
* * * LOW HITPOINT WARNING * * *
The +2 vorpal hand axe hits you but does no damage.
You closely miss the +2 vorpal hand axe.
You block the +0 glaive of venom's attack.
The +2 vorpal hand axe hits you!
* * * LOW HITPOINT WARNING * * *
x2 The deep elf zephyrmancer casts a spell.
The deep elf zephyrmancer blinks!
The deep elf zephyrmancer gestures at you while chanting.
The bolt of lightning hits the +2 vorpal hand axe.
The +2 vorpal hand axe completely resists.
The bolt of lightning hits you!!
You die...

***
▓▓▓▓▓▓▓▓▓▓▓▓▓▓▓▓▓▓▓
▓.8©8.▓.8©8.▓.8©8.▓
,*▓.[|[.▓.|...▓.....▓
,
,*▓.e:..▓..†..▓...).▓
, ▓..(§.▓.....▓.))..▓
, ▓..(..▓.....▓.....▓
*▓..@..▓.....▓..©..▓
, ▓..e..▓..©..▓▓▓▓▓▓▓
,, ▓▓▓▓▓▓▓▓▓▓▓▓▓ * *
, ,,, ,, , ,* , , , ,
,, 8 , , , , ,


You could see 2 deep elf zephyrmancers and 2 dancing weapons.

Vanquished Creatures
  A rime drake (D)
  2 swamp drakes (D)
  An orc priest (D)
  An orc (D)
5 creatures vanquished.

Notes
Turn   | Place    | Note
-------+----------+-------------------------------------------
     0 | D        | Zeld the Deep Dwarf Monk began the quest for the Orb.
     0 | D        | Reached XP level 1. HP: 20/20 MP: 1/1
     0 | D        | Found a shimmering blue altar of Sif Muna.
     0 | D        | Found a bloodstained altar of Trog.
     0 | D        | Found a sacrificial altar of Ru.
     0 | D        | Found a stormy altar of Qazlal.
     0 | D        | Found an iron altar of Okawaru.
     1 | D        | Found a sparkling altar of Nemelex Xobeh.
     1 | D        | Found a blossoming altar of Fedhas.
     1 | D        | Found the +6 Majin-Bo {vamp, MP+6 Int+6}
     1 | D        | Found the +9 heavy crossbow "Sniper" {vorpal, Acc+∞ SInv}
     1 | D        | Found the +10 dark maul {vorpal}
     1 | D        | Found the +15 Maxwell's patent armour {-Cast -Tele rElec
                  | Will+ rCorr}
     1 | D        | Found the +18 shield of the Gong {rElec rN+ Will+ EV-5}
     1 | D        | Found the +14 obsidian axe {vorpal, Mesm Drain Fly SInv}
     1 | D        | Found the +7 great mace "Firestarter" {inner flame, rF++}
     1 | D        | Found the +6 shillelagh "Devastator" {shatter}
     1 | D        | Found the +11 plutonium sword {Contam Stlth-}
     1 | D        | Found the +8 lance "Wyrmbane" {slay drac, rPois rF+ rC+
                  | AC+3}
     1 | D        | Found the +9 sword of Zonguldrok {reap}
     1 | D        | Found the +13 scythe of Curses {drain, Drain}
     1 | D        | Found the +5 sword of Power {vorpal}
     1 | D        | Found the +7 mace of Variability {chain chaos}
     1 | D        | Found the +7 Singing Sword {vorpal, sonic wave}
     1 | D        | Found the +8 storm bow {elec, penet}
     3 | D        | Found a transporter.
     3 | D        | Found an ancient bone altar of Kikubaaqudgha.
     3 | D        | Found a viscous altar of Jiyva.
     3 | D        | Found a corrupted altar of Lugonu.
     3 | D        | Found a hazy altar of Hepliaklqana.
     3 | D        | Found a burning altar of Makhleb.
     3 | D        | Found an opulent altar of Gozag.
    48 | D        | Became a worshipper of Makhleb the Destroyer
    48 | D        | Reached * piety under Makhleb
    48 | D        | Reached ** piety under Makhleb
    96 | D        | Reached skill level 4 in Invocations
    96 | D        | Reached XP level 2. HP: 30/30 MP: 1/5
   148 | D        | Entered arena 2.
   148 | D        | Found a transporter.
   152 | D        | Reached skill level 5 in Invocations
   152 | D        | Reached XP level 3. HP: 37/37 MP: 6/6
   165 | D        | Entered arena 3.
   165 | D        | Noticed a swamp drake
   165 | D        | Noticed a rime drake
   165 | D        | Noticed a swamp drake
   165 | D        | Found a transporter.
   172 | D        | Killed a swamp drake
   173 | D        | Reached skill level 5 in Fighting
   173 | D        | Reached skill level 5 in Axes
   173 | D        | Reached skill level 5 in Dodging
   173 | D        | Reached skill level 6 in Invocations
   173 | D        | Reached XP level 4. HP: 46/46 MP: 6/8
   177 | D        | Killed a rime drake
   177 | D        | Reached *** piety under Makhleb
   178 | D        | Reached skill level 5 in Armour
   178 | D        | Reached skill level 8 in Invocations
   178 | D        | Reached XP level 5. HP: 38/56 MP: 6/11
   178 | D        | Reached XP level 6. HP: 42/63 MP: 6/12
   179 | D        | Killed a swamp drake
   180 | D        | Reached skill level 5 in Shields
   180 | D        | Reached skill level 9 in Invocations
   349 | D        | Entered arena 4.
   349 | D        | Noticed a deep elf zephyrmancer
   349 | D        | Noticed a +0 glaive of venom
   349 | D        | Noticed a deep elf zephyrmancer
   349 | D        | Noticed a +2 vorpal hand axe
   349 | D        | Found a transporter.
   351 | D        | Killed from afar by a deep elf zephyrmancer

Illustrated notes

Levels and vault maps discovered:
D:        sprint_v [room_start, room_1, room_2, room_3, room_4, room_5, room_6,
          room_7, room_8, room_9, room_10, room_11, room_12, room_13, room_14,
          room_15, room_16, room_17, room_18, room_19, room_20, room_21,
          room_22, room_23, room_24, room_25, room_26, room_27]

Skill      XL: |  1  2  3  4  5  6 |
---------------+-------------------+-----
Fighting       | 4 5 6 7 |  7.0
Axes           | 3 4 5 7 |  7.5
Armour         | 2 3 5 |  5.2
Dodging        | 4 5 6 |  6.3
Shields        | 2 3 4 5 |  5.1
Invocations    | 4 5 6 8 9 |  9.0
Stealth        | |  2.4
Unarmed Combat | |  2.6

Action                   |  1- 3 |  4- 6 || total
-------------------------+-------+-------++-------
Melee: Broad axe         |     6 |     4 ||    10
  Use: Potion            |     2 |       ||     2
       Scroll            |     1 |       ||     1
 Stab: Confused          |     1 |       ||     1
Armor: Crystal plate arm |    11 |     3 ||    14
Dodge: Dodged            |       |     1 ||     1
Block: Tower shield      |     3 |     4 ||     7

Table legend: (Time is in decaauts)
 A = Elapsed time spent in this place.
 B = Non-inter-level travel time spent in this place.
 C = Inter-level travel time spent in this place.
 D = Time resting spent in this place.
 E = Time spent auto-exploring this place.
 F = Levels seen in this place.
 G = Mean time per level.
                   A        B        C        D        E       F      G
               +--------+--------+--------+--------+--------+-----+--------+
         Total |    364 |    362 |      2 |    167 |     42 |   1 |  364.0 |
       Dungeon |    364 |    362 |      2 |    167 |     42 |   1 |  364.0 |
               +--------+--------+--------+--------+--------+-----+--------+

Top non-repeatable levels by time:
       D: 364 daAuts
